[ AOE2 MATCH · #494265284 ]
UnrankedHindustanis vs Cumans
Rival team · LOSS
[ REPLAY ANALYSIS · EXTRACTED FROM THE RECORDED GAME ]
Feudal
8:29
Castle
22:15
Imperial
29:12
| APM avg | 33.2 |
| APM peak | 66 |
| eAPM avg | 19.5 |
| Villagers / military | 52 / 6 |
Focus
⚔️ 29.6% · 🌾 70.4%
Mangonel ×3 · Monk ×2 · Ghulam ×1
Feudal
8:32
Castle
25:29
Imperial
—
| APM avg | 40.5 |
| APM peak | 98 |
| eAPM avg | 21.9 |
| Villagers / military | 83 / 6 |
Focus
⚔️ 37.0% · 🌾 63.0%
Kipchak ×6
Match map
Initial resources + every placement click. Lines = walls · curves = elevation contours. ◆ gold · ⬟ stone · ● berries · ✦ relic · ◌ wall gap
Your base· ✓ Closed at 22:15 · 8t walls · 2 gate(s)
WakoTabacco's base· ✓ Closed at 25:29 · 16t walls · 2 gate(s)
Smoothed initial terrain · ◌ = detected wall gap · hover for details
Inputs per minute
— Multimorbid - - WakoTabacco
Build order — Multimorbid
142 actions detected in the replay
| 0:02 | Create | Villager (Male) |
| 0:02 | Create | Villager (Male) |
| 0:03 | Build | House |
| 0:05 | Build | House |
| 0:09 | Create | Villager (Male) |
| 0:09 | Create | Villager (Male) |
| 1:11 | Create | Villager (Male) |
| 1:11 | Create | Villager (Male) |
| 1:42 | Create | Villager (Male) |
| 1:42 | Create | Villager (Male) |
| 2:00 | Build | Lumber Camp |
| 2:01 | Create | Villager (Male) |
| 2:01 | Create | Villager (Male) |
| 2:59 | Create | Villager (Male) |
| 3:10 | Create | Villager (Male) |
| 3:29 | Create | Villager (Male) |
| 3:57 | Build | House |
| 4:14 | Create | Villager (Male) |
| 4:37 | Create | Villager (Male) |
| 4:48 | Build | Mill |
| 4:52 | Create | Villager (Male) |
| 5:29 | Create | Villager (Male) |
| 5:38 | Create | Villager (Male) |
| 6:04 | Research | Loom |
| 6:17 | Research | Feudal Age |
| 6:19 | Research | Loom |
| 7:15 | Create | Villager (Male) |
| 7:37 | Build | House |
| 7:41 | Build | House |
| 8:29 | Age | Feudal Age |
| 8:32 | Build | Watch Tower |
| 8:54 | Research | Double-Bit Axe |
| 8:55 | Research | Double-Bit Axe |
| 9:03 | Build | Mining Camp |
| 9:05 | Create | Villager (Male) |
| 9:26 | Create | Villager (Male) |
| 9:51 | Create | Villager (Male) |
| 10:10 | Create | Villager (Male) |
| 10:29 | Build | Watch Tower |
| 10:43 | Build | House |
| 10:47 | Create | Villager (Male) |
| 11:08 | Build | Outpost |
| 11:10 | Research | Town Watch |
| 11:11 | Research | Horse Collar |
| 11:15 | Create | Villager (Male) |
| 11:43 | Build | Watch Tower |
| 12:15 | Create | Villager (Male) |
| 12:38 | Create | Villager (Male) |
| 12:43 | Create | Villager (Male) |
| 12:46 | Build | House |
| 13:05 | Create | Villager (Male) |
| 13:18 | Build | Lumber Camp |
| 13:30 | Build | Farm |
| 13:32 | Build | Farm |
| 13:33 | Create | Villager (Male) |
| 14:01 | Create | Villager (Male) |
| 14:18 | Create | Villager (Male) |
| 14:31 | Build | Watch Tower |
| 14:36 | Build | Blacksmith |
| 14:44 | Build | Farm |
| 14:47 | Create | Villager (Male) |
| 14:58 | Build | House |
| 14:59 | Build | House |
| 15:16 | Build | Watch Tower |
| 15:28 | Build | Farm |
| 15:30 | Research | Fletching |
| 15:30 | Create | Villager (Male) |
| 15:47 | Build | Palisade Wall |
| 15:50 | Build | Palisade Wall |
| 15:52 | Build | House |
| 15:54 | Build | Palisade Wall |
| 16:01 | Build | Palisade Wall |
| 16:06 | Create | Villager (Male) |
| 16:06 | Create | Villager (Male) |
| 16:19 | Create | Villager (Male) |
| 16:40 | Build | House |
| 16:41 | Create | Villager (Male) |
| 16:44 | Build | Farm |
| 16:44 | Build | Farm |
| 16:46 | Build | Farm |
| 16:46 | Build | Farm |
| 16:48 | Build | Mining Camp |
| 16:52 | Build | Palisade Wall |
| 17:03 | Build | Palisade Wall |
| 17:08 | Build | Watch Tower |
| 17:11 | Build | House |
| 17:14 | Build | House |
| 17:16 | Build | Palisade Wall |
| 17:17 | Build | Palisade Wall |
| 17:24 | Create | Villager (Male) |
| 17:31 | Create | Villager (Male) |
| 18:02 | Create | Villager (Male) |
| 18:12 | Create | Villager (Male) |
| 18:14 | Build | Farm |
| 18:15 | Build | Farm |
| 18:16 | Build | Farm |
| 18:50 | Build | Market |
| 19:30 | Create | Villager (Male) |
| 19:35 | Research | Castle Age |
| 19:35 | Research | Castle Age |
| 20:11 | Build | Farm |
| 20:14 | Research | Gold Mining |
| 20:14 | Research | Gold Mining |
| 21:20 | Build | Watch Tower |
| 21:28 | Build | House |
| 21:31 | Build | House |
| 21:33 | Build | Palisade Wall |
| 22:03 | Create | Villager (Male) |
| 22:15 | Age | Castle Age |
| 22:29 | Build | Siege Workshop |
| 22:33 | Create | Villager (Male) |
| 22:43 | Build | Monastery |
| 22:44 | Create | Villager (Male) |
| 23:06 | Build | Mining Camp |
| 23:10 | Create | Mangonel |
| 23:23 | Build | Castle |
| 23:30 | Create | Villager (Male) |
| 23:32 | Research | Bow Saw |
| 23:47 | Create | Monk |
| 23:49 | Build | House |
| 24:13 | Create | Villager (Male) |
| 24:30 | Create | Mangonel |
| 24:39 | Build | House |
| 24:46 | Create | Villager (Male) |
| 26:02 | Research | Imperial Age |
| 26:03 | Research | Imperial Age |
| 26:14 | Create | Monk |
| 26:17 | Build | House |
| 26:49 | Create | Ghulam |
| 26:55 | Build | University |
| 26:59 | Build | House |
| 27:00 | Build | House |
| 27:47 | Build | Mining Camp |
| 27:58 | Create | Villager (Male) |
| 28:00 | Build | House |
| 28:12 | Build | House |
| 28:16 | Build | Palisade Gate |
| 28:21 | Build | House |
| 28:39 | Create | Villager (Male) |
| 29:03 | Create | Villager (Male) |
| 29:10 | Create | Mangonel |
| 29:12 | Age | Imperial Age |
Build order — WakoTabacco
First 150 of 170 actions detected
| 0:01 | Create | Villager (Male) |
| 0:01 | Create | Villager (Male) |
| 0:02 | Build | House |
| 0:05 | Build | House |
| 0:19 | Create | Villager (Male) |
| 0:19 | Create | Villager (Male) |
| 1:41 | Create | Villager (Male) |
| 1:42 | Create | Villager (Male) |
| 1:56 | Create | Villager (Male) |
| 1:56 | Create | Villager (Male) |
| 2:11 | Build | Lumber Camp |
| 2:25 | Create | Villager (Male) |
| 2:26 | Create | Villager (Male) |
| 2:45 | Create | Villager (Male) |
| 2:45 | Create | Villager (Male) |
| 2:48 | Create | Villager (Male) |
| 2:49 | Create | Villager (Male) |
| 2:49 | Create | Villager (Male) |
| 3:43 | Create | Villager (Male) |
| 3:43 | Create | Villager (Male) |
| 3:44 | Create | Villager (Male) |
| 4:07 | Build | House |
| 4:08 | Create | Villager (Male) |
| 4:09 | Create | Villager (Male) |
| 4:38 | Build | Mill |
| 4:41 | Create | Villager (Male) |
| 4:41 | Create | Villager (Male) |
| 4:41 | Create | Villager (Male) |
| 5:56 | Create | Villager (Male) |
| 6:22 | Research | Feudal Age |
| 6:22 | Research | Feudal Age |
| 7:42 | Build | House |
| 7:46 | Create | Villager (Male) |
| 7:46 | Create | Villager (Male) |
| 8:16 | Create | Villager (Male) |
| 8:32 | Age | Feudal Age |
| 8:47 | Build | Town Center |
| 8:49 | Research | Double-Bit Axe |
| 8:50 | Research | Double-Bit Axe |
| 9:01 | Build | Mining Camp |
| 9:05 | Create | Villager (Male) |
| 9:23 | Create | Villager (Male) |
| 9:33 | Create | Villager (Male) |
| 9:38 | Build | House |
| 9:41 | Build | House |
| 9:52 | Create | Villager (Male) |
| 10:08 | Create | Villager (Male) |
| 10:08 | Create | Villager (Male) |
| 10:08 | Create | Villager (Male) |
| 10:14 | Build | Palisade Wall |
| 10:30 | Create | Villager (Male) |
| 10:50 | Create | Villager (Male) |
| 11:05 | Create | Villager (Male) |
| 11:12 | Research | Horse Collar |
| 11:12 | Research | Horse Collar |
| 11:24 | Build | Farm |
| 11:40 | Research | Loom |
| 11:40 | Research | Loom |
| 11:46 | Build | Watch Tower |
| 11:54 | Create | Villager (Male) |
| 11:54 | Create | Villager (Male) |
| 12:03 | Build | Farm |
| 12:04 | Build | Farm |
| 12:05 | Build | Farm |
| 12:57 | Build | Farm |
| 12:58 | Build | Farm |
| 12:59 | Build | Farm |
| 13:04 | Build | Farm |
| 13:05 | Create | Villager (Male) |
| 13:05 | Create | Villager (Male) |
| 13:11 | Build | Farm |
| 13:16 | Build | Farm |
| 13:17 | Build | Farm |
| 13:18 | Build | Farm |
| 14:38 | Build | Farm |
| 14:40 | Build | Farm |
| 14:46 | Create | Villager (Male) |
| 14:47 | Create | Villager (Male) |
| 14:47 | Create | Villager (Male) |
| 14:47 | Create | Villager (Male) |
| 14:50 | Build | Mining Camp |
| 14:52 | Create | Villager (Male) |
| 15:04 | Build | Farm |
| 15:06 | Build | Farm |
| 15:37 | Create | Villager (Male) |
| 15:41 | Build | Farm |
| 15:42 | Build | Farm |
| 15:47 | Create | Villager (Male) |
| 15:47 | Create | Villager (Male) |
| 15:50 | Create | Villager (Male) |
| 15:51 | Create | Villager (Male) |
| 15:54 | Build | House |
| 16:44 | Create | Villager (Male) |
| 16:44 | Create | Villager (Male) |
| 16:44 | Create | Villager (Male) |
| 16:45 | Create | Villager (Male) |
| 16:45 | Create | Villager (Male) |
| 16:54 | Build | House |
| 16:57 | Build | House |
| 17:00 | Create | Villager (Male) |
| 17:00 | Create | Villager (Male) |
| 17:20 | Create | Villager (Male) |
| 17:21 | Create | Villager (Male) |
| 17:24 | Build | Watch Tower |
| 18:04 | Create | Villager (Male) |
| 18:04 | Create | Villager (Male) |
| 18:20 | Build | Farm |
| 18:21 | Create | Villager (Male) |
| 18:48 | Create | Villager (Male) |
| 18:48 | Create | Villager (Male) |
| 19:02 | Build | Market |
| 19:05 | Create | Villager (Male) |
| 19:06 | Create | Villager (Male) |
| 19:22 | Build | Blacksmith |
| 19:28 | Create | Villager (Male) |
| 19:29 | Create | Villager (Male) |
| 19:38 | Build | Farm |
| 19:39 | Create | Villager (Male) |
| 19:40 | Create | Villager (Male) |
| 19:48 | Research | Fletching |
| 19:48 | Research | Fletching |
| 19:56 | Create | Villager (Male) |
| 19:56 | Create | Villager (Male) |
| 20:11 | Build | House |
| 20:13 | Build | House |
| 20:20 | Build | Farm |
| 20:22 | Build | Farm |
| 20:24 | Build | Farm |
| 21:37 | Build | Farm |
| 22:19 | Create | Villager (Male) |
| 22:20 | Create | Villager (Male) |
| 22:20 | Create | Villager (Male) |
| 22:49 | Research | Castle Age |
| 22:50 | Research | Castle Age |
| 22:54 | Build | Mining Camp |
| 23:05 | Build | Mining Camp |
| 23:09 | Research | Wheelbarrow |
| 23:09 | Research | Wheelbarrow |
| 23:36 | Build | Mining Camp |
| 23:42 | Build | Palisade Wall |
| 23:45 | Build | Palisade Wall |
| 23:47 | Build | Palisade Wall |
| 23:53 | Research | Town Watch |
| 23:58 | Create | Villager (Male) |
| 24:05 | Build | House |
| 24:09 | Build | House |
| 24:11 | Build | Palisade Wall |
| 24:13 | Build | Palisade Wall |
| 24:15 | Build | Palisade Wall |
| 24:26 | Create | Villager (Male) |
Match timeline
| 8:29 | Multimorbid · age_up feudal |
| 8:32 | WakoTabacco · age_up feudal |
| 10:14 | WakoTabacco · wall_segment Palisade Wall x10 |
| 15:47 | Multimorbid · wall_segment Palisade Wall x1 |
| 15:50 | Multimorbid · wall_segment Palisade Wall x1 |
| 15:54 | Multimorbid · wall_segment Palisade Wall x1 |
| 16:01 | Multimorbid · wall_segment Palisade Wall x1 |
| 16:52 | Multimorbid · wall_segment Palisade Wall x1 |
| 17:03 | Multimorbid · wall_segment Palisade Wall x1 |
| 17:16 | Multimorbid · wall_segment Palisade Wall x1 |
| 17:17 | Multimorbid · wall_segment Palisade Wall x1 |
| 20:41 | WakoTabacco · first_market_sell 100 wood |
| 20:42 | WakoTabacco · first_market_buy 100 stone |
| 21:33 | Multimorbid · wall_segment Palisade Wall x1 |
| 22:15 | Multimorbid · age_up castle |
| 22:29 | Multimorbid · first_building Siege Workshop |
| 22:43 | Multimorbid · first_building Monastery |
| 23:00 | Multimorbid · first_market_buy 100 stone |
| 23:23 | Multimorbid · first_building Castle |
| 23:42 | WakoTabacco · wall_segment Palisade Wall x1 |
| 23:45 | WakoTabacco · wall_segment Palisade Wall x1 |
| 23:47 | WakoTabacco · wall_segment Palisade Wall x1 |
| 24:11 | WakoTabacco · wall_segment Palisade Wall x1 |
| 24:13 | WakoTabacco · wall_segment Palisade Wall x1 |
| 24:15 | WakoTabacco · wall_segment Palisade Wall x1 |
| 24:45 | Multimorbid · first_market_sell 100 wood |
| 25:29 | WakoTabacco · age_up castle |
| 25:40 | WakoTabacco · first_building Castle |
| 29:12 | Multimorbid · age_up imperial |
| 29:22 | WakoTabacco · resign |
[ AI ANALYSIS · 1 CREDIT ]
What really happened in this match?
Wolo.gg analyzes every decision: build order, eco, micro, common mistakes by bracket. Personalized analysis on WhatsApp or Discord in 30 seconds.
Civ guide
Hindustanis
Perfil
Multimorbid